 Dungeon Crawl Stone Soup version 0.20.1-1-g8b1a95d (webtiles) character file.

125 Timinator the Insei (level 4, -4/51 HPs)
             Began as a Vampire Monk on Sept 23, 2017.
             Was a Believer of Makhleb.
             Splashed by a jelly's acid (5 damage)
             ... on level 6 of the Dungeon.
             The game lasted 00:14:48 (1473 turns).

Timinator the Insei (Vampire Monk)                  Turns: 1473, Time: 00:14:48

Health: -4/51      AC: 14    Str: 10    XL:     4   Next: 82%
Magic:  4/4        EV:  2    Int: 12    God:    Makhleb [**....]
Gold:   77         SH:  0    Dex: 17    Spells: 3/3 levels left

rFire    . . .     SeeInvis +     - Unarmed
rCold    + . .     Gourm    .   (no shield)
rNeg     + + +     Faith    .   (armour currently unavailable)
rPois    +         Spirit   .   (helmet currently unavailable)
rElec    .         Reflect  .   (cloak currently unavailable)
rCorr    .         Harm     .   (gloves currently unavailable)
MR       .....     NoTele   +   (boots currently unavailable)
Stlth    +++.......             (no amulet)
Regen    0.4/turn               f - ring of stealth
MPRegen  0.1/turn               g - ring of protection from cold

@: tree-form, corroded, regenerating quickly
A: see invisible
a: Minor Destruction, Renounce Religion


You were on level 6 of the Dungeon.
You worshipped Makhleb.
Makhleb was pleased with you.
You were full.
You were a tree.
You visited 2 branches of the dungeon, and saw 5 of its levels.

You collected 77 gold pieces.

Inventory:

Armour
 a - a +0 robe
 c - a +0 ring mail (melded)
 i - a +0 pair of gloves (melded)
Jewellery
 f - a ring of stealth (left branch)
 g - a ring of protection from cold (right branch)
Scrolls
 d - a scroll of magic mapping {unknown}
 h - a scroll of teleportation {unknown}
 j - 2 scrolls of blinking
Potions
 b - 11 potions of blood
 e - a potion of lignification
 l - a potion of flight
Books
 k - a book of Changes

   Spells                             Type                      Level
   a - Beastly Appendage              Transmutation                1
   b - Sticks to Snakes               Transmutation                2
   c - Spider Form                    Transmutation/Poison         3
   d - Ice Form                       Ice/Transmutation            4
   e - Blade Hands                    Transmutation                5


   Skills:
 + Level 2.9 Fighting
 * Level 1.7 Armour
 + Level 3.8 Dodging
 - Level 3.0 Stealth
 + Level 4.9 Unarmed Combat


You had 3 spell levels left.
You didn't know any spells.

Dungeon Overview and Level Annotations

Branches:
Dungeon (6/15)             Temple (1/1) D:6

Altars:
Ashenzari
Cheibriados
Dithmenos
Elyvilon
Fedhas
Gozag
Hepliaklqana
Makhleb
Nemelex Xobeh
Okawaru
Qazlal
Ru
Sif Muna
Trog
Uskayaw
Vehumet
Xom
Zin
The Shining One


Innate Abilities, Weirdness & Mutations

Your natural rate of healing is unusually fast.
((You have razor-sharp teeth.))
You have supernaturally acute eyesight. (SInv)
((You can survive without breathing.))


Message History

You bite the jelly, but do no damage.
The jelly is lightly wounded.
The jelly barely misses you.
You hit the jelly but do no damage.
Your hands burn!
The jelly is lightly wounded.
The jelly hits you. The acid corrodes you!
You are splashed with acid!
The acid burns!
You hit the jelly but do no damage.
Your hands burn!
The jelly is lightly wounded.
The jelly closely misses you.
You hit the jelly.
Your hands burn!
The jelly is moderately wounded.
The jelly hits you.
You are splashed with acid!
The acid burns!
* * * LOW HITPOINT WARNING * * *
You turn into a tree.
Your +0 pair of gloves melds into your body.
Your +0 ring mail melds into your body.
Your roots penetrate the ground.
The jelly hits you but does no damage.
You hit the jelly but do no damage.
Your branches burn!
You die...

## ## ..# .. #.#
.## #.# .. #.#
######. #.#
.......#########.#
......J♣....>....#
####.............#
#.###########.# #
#.# #.# #.# #.#
#.# #####.#


You could see a jelly.

Vanquished Creatures
  2 orc wizards
  2 adders (D:3)
  2 dart slugs
  A leopard gecko (D:1)
  5 orcs
  A ball python (D:1)
  A giant cockroach (D:1)
  10 goblins
  6 hobgoblins
  3 kobolds
  5 bats
  3 frilled lizards
  6 rats
47 creatures vanquished.

Notes
Turn   | Place    | Note
-------+----------+-------------------------------------------
     0 | D:1      | Timinator the Vampire Monk began the quest for the Orb.
     0 | D:1      | Reached XP level 1. HP: 17/17 MP: 1/1
   187 | D:1      | Reached XP level 2. HP: 20/23 MP: 2/2
   338 | D:1      | Reached skill level 1 in Armour
   356 | D:2      | Found a sparkling altar of Nemelex Xobeh.
   356 | D:2      | Found an opulent altar of Gozag.
   356 | D:2      | Found a shadowy altar of Dithmenos.
   438 | D:2      | Reached XP level 3. HP: 26/28 MP: 3/3
   741 | D:3      | Reached skill level 4 in Unarmed Combat
   856 | D:3      | Reached XP level 4. HP: 15/34 MP: 4/4
  1232 | D:3      | You fall through a shaft for 3 floors!
  1236 | D:6      | Found a staircase to the Ecumenical Temple.
  1276 | Temple   | Entered the Ecumenical Temple
  1420 | Temple   | Became a worshipper of Makhleb the Destroyer
  1420 | Temple   | Reached * piety under Makhleb
  1420 | Temple   | Reached ** piety under Makhleb
  1471 | D:6      | HP: 1/34 [acid (11)]
  1473 | D:6      | Splashed by a jelly's acid

Skill      XL: |  1  2  3 |
---------------+----------+-----
Armour         | 1 |  1.7
Unarmed Combat | 4 |  4.9
Fighting       | |  2.9
Dodging        | |  3.8
Stealth        | |  3.0

Action                   |  1- 3 |  4- 6 || total
-------------------------+-------+-------++-------
Melee: Unarmed           |    95 |    55 ||   150
       Bite              |    14 |     5 ||    19
 Abil: End Transformatio |     2 |       ||     2
       Bat Form          |     2 |       ||     2
  Use: Potion            |     1 |     6 ||     7
       Scroll            |       |     2 ||     2
 Stab: Sleeping          |     4 |     1 ||     5
       Invisible         |     1 |     1 ||     2
  Eat: Corpse            |     3 |     2 ||     5
Armor: Ring mail         |    14 |    11 ||    25
       Skin              |       |     1 ||     1
Dodge: Dodged            |    43 |    23 ||    66
